 Dungeon Crawl Stone Soup version 0.28-b1-25-g9875b3fc8c (webtiles) character file.

Game seed: 15963257836502268567

583 fragbeetle the Ruffian (level 7, -7/59 HPs)
             Began as a Ghoul Gladiator on Feb 2, 2022.
             Mangled by an iguana (8 damage)
             ... while paralysed
             ... on level 5 of the Dungeon.
             The game lasted 00:08:33 (5156 turns).

fragbeetle the Ruffian (Ghoul Gladiator)            Turns: 5156, Time: 00:08:34

Health: -7/59      AC:  8    Str: 19 (20) XL:     7   Next: 37%
Magic:  15/15      EV:  2    Int:  0 (3)  God:
Gold:   164        SH:  0    Dex:  9 (10) Spells: 5/6 levels left

rFire   . . .      SeeInvis .     - Unarmed
rCold   + + .      Faith    .   (no shield)
rNeg    + + +      Spirit   .   m - +0 scale mail {rC+}
rPois   ∞          Reflect  +   b - +0 helmet
rElec   .          Harm     .   (no cloak)
rCorr   .          Rampage  .   (no gloves)
Will    .....                   v - +0 pair of boots
Stlth   ..........              y - amulet of reflection
HPRegen 0.00/turn               B - ring of magical power
MPRegen 0.14/turn               (no ring)

@: paralysed, inhibited regen, slowed, lost intelligence, unable to read
A: claws 1, cold resistance 1, negative energy resistance 3, inhibited
regeneration, torment resistance 2
a: no special abilities


You were on level 5 of the Dungeon.
You visited 1 branch of the dungeon, and saw 5 of its levels.

You collected 164 gold pieces.

Inventory:

Hand Weapons
 o - a +0 vorpal hand axe
 s - a +4 morningstar of protection
Missiles
 c - 3 throwing nets
 j - 41 bolts
 k - 12 arrows
 l - 9 poisoned darts (quivered)
 t - 3 boomerangs
Armour
 b - a +0 helmet (worn)
 m - a +0 scale mail of cold resistance (worn)
 v - a +0 pair of boots (worn)
Jewellery
 y - an amulet of reflection (around neck)
 B - a ring of magical power (left claw)
Wands
 q - a wand of flame (11)
 A - a wand of acid (4)
Scrolls
 a - a scroll of magic mapping {unknown}
 e - 4 scrolls of identify {unknown}
 g - 3 scrolls of teleportation {unknown}
 h - a scroll of torment {unknown}
 i - a scroll of summoning {unknown}
 p - a scroll of immolation {unknown}
 r - 2 scrolls of holy word {unknown}
 w - 2 scrolls of enchant weapon {unknown}
 x - a scroll of brand weapon {unknown}
Potions
 d - 2 potions of ambrosia {unknown}
 f - 2 potions of lignification {unknown}
 n - a potion of mutation {unknown}
 u - 2 potions of degeneration
 z - a potion of invisibility {unknown}


   Skills:
 + Level 4.2 Fighting
 - Level 3.0 Throwing
 + Level 1.3 Armour
 + Level 3.9 Dodging
 + Level 2.2 Stealth
 * Level 5.6 Unarmed Combat
 + Level 1.6 Necromancy


You had 5 spell levels left.
You knew the following spells:

 Your Spells              Type           Power      Damage    Failure   Level
a - Pain                  Necr           0%         1d4       77%         1

Your spell library contained the following spells:

 Spells                   Type           Power      Damage    Failure   Level
 Shock                    Conj/Air       0%         1d3       93%         1
 Ensorcelled Hibernation  Hex/Ice        0%         N/A       98%         2
 Passwall                 Tmut/Erth      0%         N/A       98%         2
 Swiftness                Air            0%         N/A       100%        3
 Airstrike                Air            0%         N/A       100%        4
 Olgreb's Toxic Radiance  Pois           0%         N/A       100%        4
 Agony                    Necr           0%         N/A       100%        5
 Excruciating Wounds      Necr           0%         N/A       100%        5
 Ozocubu's Refrigeration  Ice            0%         4d5       100%        7
 Ignition                 Fire           0%         3d3       100%        8


Dungeon Overview and Level Annotations

Branches:
Dungeon (5/15)
 Temple: D:4-7

Altars:
Wu Jian
The Shining One


Innate Abilities, Weirdness & Mutations

You thrive by killing the living.
You are immune to poison.
You have sharp fingernails.
Your flesh is cold resistant. (rC+)
You are immune to negative energy. (rN+++)
You do not regenerate when monsters are visible.
You are immune to unholy pain and torment.


Message History

u - 3 murky grey potions (gained 1)
Found a stone staircase leading down.
r - 2 scrolls labelled HUGGAO UMNARA (gained 1)
There is a stone staircase leading down here.
An iguana comes into view.
The iguana hisses angrily.
A sky beast comes into view.
The iguana bites you!
You scratch the iguana but do no damage.
The iguana bites you!
You closely miss the iguana. The iguana bites you.
You scratch the iguana.
The iguana is moderately wounded.
The iguana bites you.
You closely miss the iguana.
The iguana is moderately wounded.
The iguana closely misses you.
You scratch the iguana.
The iguana is moderately wounded.
The iguana bites you.
You are too injured to fight recklessly!
You closely miss the iguana.
The iguana is moderately wounded.
The iguana bites you!
You claw the iguana!
The iguana is severely wounded.
The sky beast hits you.
* * * LOW HITPOINT WARNING * * *
The sky beast shocks you.
* * * LOW HITPOINT WARNING * * *
The iguana bites you!
* * * LOW HITPOINT WARNING * * *
The sky beast flickers out of sight!
Deactivating autopickup; reactivate with Ctrl-A.
It was a potion of degeneration.
There was something very wrong with that liquid.
You feel weakened.
You feel dopey.
You have lost your intelligence.
You feel clumsy. The iguana bites you!
You die...

. ##. ## .# #..## .##
##.. #.... ..##...#
#..#.## ...... #.....##
#...# ##...$.#####..#
#.. #....l@......####
##..
......!#######....###...
....#.. ##..#.......#
.#. #.. #.##..####.....
.#. #....>...# ##.##
..#....#.###..# ##..##
.. ###..###....###.<...
... #..........#<.....
#....###...#.....


You could see an iguana.

Vanquished Creatures
  2 ogres
  A scorpion (D:5)
  A jelly (D:4)
  An orc priest (D:4)
  A bullfrog skeleton (D:5)
  2 iguanas (D:4)
  An orc wizard (D:4)
  Robin (D:2)
  A gnoll (D:1)
  5 adders
  An ufetubus (D:4)
  An adder skeleton (D:4)
  2 worms
  2 dart slugs (D:1)
  8 orcs
  5 bats
  4 endoplasms
  7 giant cockroaches
  13 goblins
  14 hobgoblins
  8 jackals (D:2)
  4 quokkas
  6 ball pythons
  5 frilled lizards
  7 kobolds
  4 rats
107 creatures vanquished.

Notes
Turn   | Place    | Note
-------+----------+-------------------------------------------
     0 | D:1      | fragbeetle the Ghoul Gladiator began the quest for the Orb.
     0 | D:1      | Reached XP level 1. HP: 17/17 MP: 0/0
    66 | D:1      | Reached XP level 2. HP: 18/25 MP: 1/1
   210 | D:1      | Found a faded altar of an unknown god.
   379 | D:1      | Reached XP level 3. HP: 30/30 MP: 2/2
  1335 | D:2      | Reached XP level 4. HP: 33/37 MP: 3/3
  2092 | D:3      | Reached skill level 4 in Unarmed Combat
  2148 | D:3      | Noticed Robin
  2190 | D:2      | Killed Robin
  2273 | D:3      | Reached XP level 5. HP: 44/45 MP: 4/4
  3665 | D:4      | Learned a level 1 spell: Pain
  3921 | D:4      | Reached skill level 1 in Stealth
  3921 | D:4      | Reached XP level 6. HP: 47/52 MP: 5/5
  3962 | D:4      | Reached skill level 5 in Unarmed Combat
  3962 | D:4      | Reached skill level 1 in Necromancy
  4478 | D:4      | Found an ornate altar of the Wu Jian Council.
  4813 | D:5      | Entered Level 5 of the Dungeon
  4821 | D:5      | Reached skill level 1 in Armour
  4821 | D:5      | Reached XP level 7. HP: 27/59 MP: 6/6
  5154 | D:5      | HP: 1/59 [iguana (11)]
  5156 | D:5      | Lost intelligence.
  5156 | D:5      | Mangled by an iguana

Illustrated notes

Levels and vault maps discovered:
D:1:      evilmike_arrival_plus, layout_basic, serial_glass, glass_columns_c,
          glass_columns_a, glass_columns_b, glass_columns_a, glass_columns_b,
          glass_columns_c, dreamdust_ecumenical_altar_statues, st_stairs_5
D:2:      layout_basic
D:3:      layout_basic, minmay_circle_x, uniq_robin
D:4:      layout_loops_ring, nicolae_wu_jian_glorious_leap,
          nicolae_tso_carved_into_rock, kennysheep_dice
D:5:      layout_cave_pools

Skill      XL: |  1  2  3  4  5  6 |
---------------+-------------------+-----
Throwing       | 2 3 |  3.0
Dodging        | 3 |  3.9
Fighting       | 3 4 |  4.2
Unarmed Combat | 4 5 |  5.6
Stealth        | 1 2 |  2.2
Necromancy     | 1 |  1.6
Armour         | 1 |  1.3

Action                   |  1- 3 |  4- 6 |  7- 9 || total
-------------------------+-------+-------+-------++-------
Melee: Unarmed           |    84 |   220 |    18 ||   322
       Punch             |     4 |     6 |     1 ||    11
Throw: Throwing net      |     1 |       |       ||     1
       Dart              |       |     9 |       ||     9
       Boomerang         |       |     5 |       ||     5
  Use: Potion            |       |       |     1 ||     1
 Stab: Sleeping          |     1 |       |       ||     1
Armor: Leather armour    |    41 |     2 |       ||    43
       Scale mail        |       |    85 |       ||    85
Dodge: Dodged            |    51 |   101 |     4 ||   156
Block: Other             |       |     5 |     2 ||     7
